 Dungeon Crawl Stone Soup version 0.27.1-4-g1640c2035a (webtiles) character file.

Game seed: 4383531351299374756

48 boopmooplesden the Skirmisher (level 3, -4/33 HPs)
             Began as a Minotaur Fighter on Nov 9, 2021.
             Slain by a gnoll (5 damage)
             ... on level 2 of the Dungeon.
             The game lasted 00:01:37 (1003 turns).

boopmooplesden the Skirmisher (Minotaur Fighter)    Turns: 1003, Time: 00:01:37

Health: -4/33      AC:  8    Str: 20    XL:     3   Next: 50%
Magic:  2/2        EV:  7    Int:  5    God:
Gold:   36         SH:  9    Dex: 10    Spells: 2/2 levels left

rFire    . . .     SeeInvis .   a - +0 war axe
rCold    . . .     Faith    .   c - +0 kite shield
rNeg     . . .     Spirit   .   b - +0 scale mail
rPois    .         Reflect  .   (helmet restricted)
rElec    .         Harm     .   (no cloak)
rCorr    .         Rampage  .   f - +0 pair of gloves
Will     .....                  (no boots)
Stlth    ..........             (no amulet)
HPRegen  0.11/turn              (no ring)
MPRegen  0.08/turn              (no ring)

@: no status effects
A: horns 2, retaliatory headbutt
a: no special abilities


You were on level 2 of the Dungeon.
You visited 1 branch of the dungeon, and saw 2 of its levels.

You collected 36 gold pieces.

Inventory:

Hand Weapons
 a - a +0 war axe (weapon)
 k - a +0 whip of distortion
Missiles
 i - 5 boomerangs (quivered)
 p - 6 javelins
Armour
 b - a +0 scale mail (worn)
 c - a +0 kite shield (worn)
 f - a +0 pair of gloves (worn)
Jewellery
 g - a ring of flight
 h - a ring of fire
 l - a ring of protection from fire
Scrolls
 e - 4 scrolls of identify {unknown}
 m - a scroll of fog {unknown}
 o - a scroll of teleportation {unknown}
Potions
 d - a potion of might
 j - a potion of curing {unknown}
 n - a potion of degeneration {unknown}


   Skills:
 + Level 4.2 Fighting
 + Level 3.4 Axes
 + Level 4.1 Armour
 + Level 0.1 Dodging
 + Level 3.9 Shields


You had 2 spell levels left.
You didn't know any spells.
Your spell library contained the following spells:

 Spells                   Type           Power      Damage    Failure   Level
 Magic Dart               Conj           0%         1d3       99%         1
 Searing Ray              Conj           0%         3d3       100%        2
 Fulminant Prism          Conj/Hex       0%         3d6       100%        4


Dungeon Overview and Level Annotations

Branches:
Dungeon (2/15)

Altars:

Shops:
D:2 !


Innate Abilities, Weirdness & Mutations

You have a pair of horns on your head.
You reflexively headbutt those who attack you in melee.


Message History

Aim: a gnoll, wielding a +0 halberd (heavily wounded, 61% to hit)
You throw a boomerang. The boomerang closely misses the gnoll.
The gnoll shouts!
The boomerang hits the gnoll.
The gnoll is lightly wounded.
Throw: 5 boomerangs
Press: ? - help, Q - select action, (/) - cycle Shift-Dir - straight line, f/p - gnoll
Aim: a gnoll, wielding a +0 halberd (heavily wounded, 61% to hit)
You throw a boomerang.
The boomerang hits the gnoll but does no damage.
The gnoll is heavily wounded.
The gnoll hits you from afar with a +0 halberd.
You block the gnoll's attack. The gnoll barely misses you.
The gnoll closely misses you.
You closely miss the gnoll. The gnoll hits you but does no damage.
You block the gnoll's attack. x2
The gnoll hits you with a +0 spear. x2; The gnoll hits you with a +0 halberd!
The gnoll hits you with a +0 whip.
You slash the gnoll!
You kill the gnoll!
You hit the gnoll. You hit the gnoll but do no damage. You hit the gnoll.
You block the gnoll's attack. x2; The gnoll hits you with a +0 whip.
The gnoll hits you but does no damage. The gnoll barely misses you.
You block the gnoll's attack.
The gnoll hits you from afar with a +0 spear.
You block the gnoll's attack.
You see here a +0 halberd.
The gnoll barely misses you. You furiously retaliate!
You headbutt the gnoll. You barely miss the gnoll. You headbutt the gnoll.
The gnoll is heavily wounded.
You hit the gnoll but do no damage. You block the gnoll's attack.
The gnoll hits you from afar with a +0 spear.
* * * LOW HITPOINT WARNING * * *
The gnoll hits you with a +0 spear.
* * * LOW HITPOINT WARNING * * *
The gnoll hits you with a +0 whip.
* * * LOW HITPOINT WARNING * * *
The gnoll hits you but does no damage.
The gnoll hits you from afar with a +0 spear.
You die...

#...## #....## .#
#.....# .# #...#.######
.# #...#...##.## .#
###.###.....###.######
#.#####.............
#..# ##............
#####.#####....@.......
##<....#.....gg.........
#....>........g.........
........................
........................
..........(.........#...
................#..##...
...........>...##...# ..
.†.............. ..##


You could see 3 gnolls.

Vanquished Creatures
  A gnoll (D:2)
  2 dart slugs (D:1)
  7 ball pythons
  3 endoplasms
  6 hobgoblins (D:1)
  2 quokkas (D:1)
  2 bats (D:2)
  A frilled lizard (D:1)
  3 kobolds (D:1)
  4 rats
31 creatures vanquished.

Notes
Turn   | Place    | Note
-------+----------+-------------------------------------------
     0 | D:1      | boopmooplesden the Minotaur Fighter began the quest for the
                  | Orb.
     0 | D:1      | Reached XP level 1. HP: 19/19 MP: 0/0
   226 | D:1      | Reached XP level 2. HP: 20/27 MP: 1/1
   660 | D:1      | Reached XP level 3. HP: 31/33 MP: 2/2
   898 | D:2      | Found Isuzimoi's Distillery.
  1002 | D:2      | HP: 1/33 [gnoll (3)]
  1003 | D:2      | Slain by a gnoll

Illustrated notes

Levels and vault maps discovered:
D:1:      minmay_arrival_cross, layout_loops_cross
D:2:      layout_rooms, dreamdust_ecumenical_altar_sealed_demon, serial_shops,
          shop, nicolae_underground_beach

Skill      XL: |  1  2  3 |
---------------+----------+-----
Armour         | 4 |  4.1
Fighting       | 4 |  4.2
Axes           | 3 |  3.4
Dodging        | |  0.1
Shields        | |  3.9

Action                   || total
-------------------------++-------
Melee: War axe           ||    63
       Headbutt          ||     6
Throw: Boomerang         ||     4
Armor: Scale mail        ||    35
Dodge: Dodged            ||    28
Block: Kite shield       ||    41
